 Dungeon Crawl Stone Soup version 0.31-a0-360-gb3e1d13bf4 (webtiles) character file.

Game seed: 6532730514552043266

97 Shard1697 the Slasher (level 4, -4/42 HPs)
             Began as an Armataur Gladiator on July 27, 2023.
             Slain by a sickly merfolk siren (15 damage)
             ... in a sewer.
             The game lasted 00:02:54 (2141 turns).

Shard1697 the Slasher (Armataur Gladiator)          Turns: 2141, Time: 00:02:54

Health: -4/42      AC:  9    Str: 21    XL:     4   Next: 42%
Magic:  4/4        EV:  7    Int: 12    God:
Gold:   135        SH:  0    Dex: 12    Spells: 3/3 levels left

rFire   . . .        a - +1 long sword
rCold   + + .        (no shield)
rNeg    . . .        b - +0 leather armour
rPois   .            (helmet restricted)
rElec   .            f - +0 cloak
rCorr   +            (no gloves)
SInv    .            j - +0 barding "Daedua" {Str+2 Slay+5}
Will    .....        (no amulet)
Stlth   +            g - ring of protection from cold
HPRegen 0.27/turn    k - ring of resist corrosion
MPRegen 0.09/turn

%: roll
@: no status effects
A: large, rugged brown scales 3, deformed body, armoured tail, roll, long
tongue, awkward tongue, horns 1, stinger 1, clever 1, cold resistance 1, robust
1
a: no special abilities


You were in a sewer.
You visited 1 branch of the dungeon, and saw 4 of its levels.
You also visited: Sewer.

You collected 135 gold pieces.

Inventory:

Hand Weapons
 a - a +1 long sword (weapon)
 p - a +0 rapier
Missiles
 d - 3 throwing nets (quivered)
 e - a javelin
Armour
 b - a +0 leather armour (worn)
 c - a +0 helmet
 f - a +0 cloak (worn)
 j - the +0 barding "Daedua" (worn) {Str+2 Slay+5}
   (You acquired it on level 4 of the Dungeon)

   Str:       It affects your strength (+2).
   Slay:      It affects your accuracy & damage with ranged weapons and melee
   (+5).
Jewellery
 g - a ring of protection from cold (left hand)
 h - a ring of magical power
 k - a ring of resist corrosion (right hand)
Wands
 q - a wand of digging (3)
Scrolls
 i - 2 scrolls of immolation
 l - a scroll of identify
 m - a scroll of teleportation
 r - a scroll of amnesia
Potions
 o - a potion of brilliance


   Skills:
 - Level 1.7 Fighting
 + Level 4.8 Long Blades
 - Level 1.7 Throwing
 - Level 2.1 Dodging


You had 3 spell levels left.
You didn't know any spells.
Your spell library contained the following spells:

 Spells                   Type           Power      Damage    Failure   Level
 Apportation              Tloc           0%         N/A       36%         1
 Freeze                   Ice            0%         1d3       36%         1
 Frozen Ramparts          Ice            0%         1d1       75%         3
 Hailstorm                Conj/Ice       0%         3d3       75%         3
 Volatile Blastmotes      Fire/Tloc      0%         2d10      75%         3
 Fulminant Prism          Conj/Hex       0%         3d5       98%         4
 Iskenderun's Mystic Bla  Conj/Tloc      0%         2d3       98%         4
 Alistair's Intoxication  Tmut/Pois      0%         N/A       100%        5


Dungeon Overview and Level Annotations

Branches:
Dungeon (4/15)              Sewer (1/1)
 Temple: D:4-7

Altars:

Shops:
D:2 [


Innate Abilities, Weirdness & Mutations

You are completely covered in rugged brown scales. (AC +3, +7% HP)
Armour fits poorly on your strangely shaped body.
You have a long armoured tail.
You roll when moving toward enemies. (Rampage)
Your long tongue fully drains potion bottles. (2x potion effects)
Your tongue gives you trouble enunciating. (1.5x scroll delay)
You have a pair of small horns on your head.
Your tail ends in a venomous barb.
Your mind is acute. (Int +4, Str/Dex -1)
Your flesh is cold resistant. (rC+)
You are robust. (+10% HP)


Message History

The quokka bites you but does no damage.
The quokka bites you. The adder barely misses you.
You barely miss the adder. You tail-slap the adder.
The adder is poisoned.
The adder is almost dead.
You kill the adder!
The quokka barely misses you.
The quokka splashes around in the water.
The quokka barely misses you. The quokka completely misses you.
The quokka bites you but does no damage.
The sickly merfolk siren chants a haunting song.
You resist.
The sickly merfolk siren chants a haunting song.
You easily resist.
The sickly merfolk siren chants a haunting song.
You resist with almost no effort. The quokka bites you.
You closely miss the quokka. You headbutt the quokka.
You kill the quokka!
The sickly merfolk siren chants a haunting song.
You resist with almost no effort. The quokka attacks as you move away!
The quokka misses you. The quokka attacks as you move away!
The quokka bites you but does no damage.
The quokka bites you.
You slash the quokka!
You kill the quokka!
The sickly merfolk siren chants a haunting song.
You resist with almost no effort.
You slash the frilled lizard!
You kill the frilled lizard!
You completely miss the sickly merfolk siren.
You headbutt the sickly merfolk siren.
The sickly merfolk siren is lightly wounded.
The rat bites you but does no damage. The sickly merfolk siren hits you.
* * * LOW HITPOINT WARNING * * *
The rat barely misses you.
You hit the sickly merfolk siren. You headbutt the sickly merfolk siren.
Your tail-slap misses the sickly merfolk siren.
The sickly merfolk siren is moderately wounded.
The sickly merfolk siren hits you!
You die...

#### ##~.##
###~~~.######
#∩∩~~~~......
############# #####
##########≈~≈≈≈≈≈≈≈~
#$$$.
#≈≈~~~~~~~~†~~~†.~†.
..~
###≈m~#############..#
####~###≈≈≈#@# ####
#≈≈≈~~~†~r##r#
#~≈~~~.m.r..r#
#~~~...#######
#~~~~...## ##~...###
#####


You could see a sickly merfolk siren and 2 rats.

Vanquished Creatures
  3 adders
  A river rat (D:4)
  2 worms
  A dart slug (D:1)
  An orc (D:4)
  An endoplasm (D:2)
  3 giant cockroaches
  2 goblins
  A hobgoblin (D:1)
  5 kobolds
  5 quokkas
  13 ball pythons
  4 bats
  5 frilled lizards
  11 rats
58 creatures vanquished.

Notes
Turn   | Place    | Note
-------+----------+-------------------------------------------
     0 | D:1      | Shard1697 the Armataur Gladiator began the quest for the
                  | Orb.
     0 | D:1      | Reached XP level 1. HP: 18/18 MP: 1/1
   169 | D:1      | Reached skill level 3 in Long Blades
   200 | D:1      | Reached XP level 2. HP: 25/25 MP: 2/2
   821 | D:2      | Found Xymmaruw's Antique Armour Shoppe.
   921 | D:2      | Reached skill level 4 in Long Blades
   921 | D:2      | Reached XP level 3. HP: 31/31 MP: 3/3
  1958 | D:4      | Identified a scroll of acquirement
  1960 | D:4      | Acquired the +0 barding "Daedua" {Str+2 Slay+5}
  2042 | D:4      | Found a glowing drain.
  2061 | D:4      | Reached XP level 4. HP: 38/38 MP: 4/4
  2069 | Sewer    | Entered a sewer
  2129 | Sewer    | Gained mutation: Your mind is acute. (Int +4, Str/Dex -1)
                  | [potion of mutation]
  2129 | Sewer    | Gained mutation: You are robust. (+10% HP) [potion of
                  | mutation]
  2129 | Sewer    | Gained mutation: Your flesh is cold resistant. (rC+)
                  | [potion of mutation]
  2129 | Sewer    | Gained mutation: You have a pair of small horns on your
                  | head. [potion of mutation]
  2129 | Sewer    | Gained mutation: Your tail ends in a venomous barb. [potion
                  | of mutation]
  2141 | Sewer    | Slain by a sickly merfolk siren

Illustrated notes

Levels and vault maps discovered:
D:1:      lemuel_arrival_broad_hall, layout_basic, feat_on_display
D:2:      layout_loops_ring, serial_shops, nicolae_shop_pleasant_corner_grove
D:3:      layout_basic
D:4:      layout_loops_corners, nicolae_ru_awakened_eye,
          minmay_temple_entry_steel_oval, portal_sewer_entry_b,
          minmay_fountain_box, st_stairs_2, nicolae_the_louvre
Sewer:    sewer_sea

Skill      XL: |  1  2 |
---------------+-------+-----
Long Blades    | 3 4 |  4.8
Fighting       | |  1.7
Throwing       | |  1.7
Dodging        | |  2.1

Action                     |  1- 3 |  4- 6 || total
---------------------------+-------+-------++-------
  Melee: Long sword        |   125 |    20 ||   145
         Tailslap          |     9 |     3 ||    12
         Punch             |     2 |       ||     2
         Headbutt          |       |     3 ||     3
    Use: Scroll            |     9 |       ||     9
         Potion            |       |     1 ||     1
 Armour: Leather armour    |    57 |    15 ||    72
  Dodge: Dodged            |    60 |    11 ||    71

Table legend: (Time is in decaauts)
 A = Elapsed time spent in this place.
 B = Non-inter-level travel time spent in this place.
 C = Inter-level travel time spent in this place.
 D = Time resting spent in this place.
 E = Time spent auto-exploring this place.
 F = Levels seen in this place.
 G = Mean time per level.
                   A        B        C        D        E       F      G
               +--------+--------+--------+--------+--------+-----+--------+
         Total |   2173 |   2116 |     57 |      0 |   1626 |   5 |  434.6 |
       Dungeon |   2098 |   2041 |     57 |      0 |   1607 |   4 |  524.5 |
         Sewer |     74 |     74 |      0 |      0 |     19 |   1 |   74.0 |
               +--------+--------+--------+--------+--------+-----+--------+

Top non-repeatable levels by time:
     D:1: 722 daAuts
     D:2: 660 daAuts
     D:3: 595 daAuts
     D:4: 119 daAuts
   Sewer: 74 daAuts
